 Dungeon Crawl Stone Soup version 0.31-a0-217-g58bb5d79cf (webtiles) character file.

Game seed: 444816646349612204

2550 qw the Skirmisher (level 9, -1/58 HPs)
             Began as a Gargoyle Hexslinger on July 2, 2023.
             Slain by a wight
             ... wielding a +4 spear
              (8 damage)
             ... on level 7 of the Dungeon.
             The game lasted 00:02:31 (5611 turns).

qw the Skirmisher (Gargoyle Hexslinger)             Turns: 5611, Time: 00:02:31

Health: -1/58      AC: 14    Str: 11    XL:     9   Next: 56%
Magic:  10/10      EV: 11    Int: 15    God:
Gold:   407        SH:  0    Dex: 16    Spells: 9/10 levels left

rFire   . . .        b - +4 sling (elec)
rCold   + . .        (no shield)
rNeg    + . .        a - +0 ring mail
rPois   inf          (no helmet)
rElec   +            e - +0 cloak
rCorr   .            (no gloves)
SInv    .            m - +0 pair of boots
Will    .....        h - amulet of regeneration
Stlth   +            l - +4 ring of slaying {mikee}
HPRegen 1.09/turn    c - ring of protection from cold
MPRegen 0.12/turn

%: no passive effects
@: no status effects
A: sickness immunity, AC +6, negative energy resistance 1, electricity
resistance, torment resistance 1, petrification resistance
a: no special abilities


You were on level 7 of the Dungeon.
You visited 2 branches of the dungeon, and saw 8 of its levels.
You also visited: Sewer.

You collected 407 gold pieces.


Innate Abilities, Weirdness & Mutations

You are immune to sickness and miasma.
Your stone body is resilient. (AC +6)
You are immune to poison.
You resist negative energy. (rN+)
You are resistant to electric shocks. (rElec)
You are resistant to unholy torment.
You are immune to petrification.


   Skills:
 - Level 7.7 Fighting
 + Level 10.2 Ranged Weapons
 - Level 3.1 Armour
 - Level 2.0 Dodging
 - Level 1.0 Spellcasting
 - Level 2.6 Hexes


You had 9 spell levels left.
You knew the following spells:

 Your Spells              Type           Power      Damage    Failure   Level
a - Slow                  Hex            32%        N/A       19%         1

Your spell library contained the following spells:

 Spells                   Type           Power      Damage    Failure   Level
 Inner Flame              Hex/Fire       4%         N/A       67%         3
 Portal Projectile        Hex/Tloc       8%         N/A       67%         3
 Cause Fear               Hex            4%         N/A       88%         4

Inventory:

Hand Weapons
 b - a +4 sling of electrocution (weapon)
Armour
 a - a +0 ring mail (worn)
 e - a +0 cloak (worn)
 m - a +0 pair of boots (worn)
Jewellery
 c - a ring of protection from cold (right hand)
 h - an amulet of regeneration (around neck)
 l - a +4 ring of slaying (left hand) {mikee}
 Y - a ring of positive energy
Scrolls
 g - 7 scrolls of identify
Potions
 d - 4 potions of cancellation
 f - a potion of might
 i - a potion of resistance
 j - 5 potions of enlightenment
 k - 2 potions of curing

Dungeon Overview and Level Annotations

Branches:
Dungeon (7/15)             Temple (1/1) D:5           Sewer (visited)

Altars:
Ashenzari
Cheibriados
Dithmenos
Elyvilon
Fedhas
Gozag
Hepliaklqana
Kikubaaqudgha
Makhleb
Nemelex Xobeh
Qazlal
Ru
Sif Muna
Trog
Uskayaw
Vehumet
Wu Jian
Xom
Yredelemnul
Zin
The Shining One


Message History

You shoot a sling bullet. The sling bullet misses the killer bee.
The killer bee stings you but does no damage.
The killer bee misses you. x2
The wight hits you from afar with a +0 spear.
The killer bee stings you but does no damage.
The killer bee barely misses you.
The killer bee stings you but does no damage.
You shoot a sling bullet. The sling bullet hits the killer bee.
The killer bee is moderately wounded.
The killer bee stings you but does no damage.
The killer bee stings you. The killer bee barely misses you.
The wight hits you from afar with a +4 spear.
The wight hits you from afar with a +0 spear.
The killer bee stings you.
The killer bee stings you but does no damage.
The killer bee misses you.
You shoot a sling bullet. The sling bullet hits the killer bee.
The killer bee is severely wounded.
The killer bee stings you but does no damage. x3
The wight closely misses you. The wight hits you but does no damage.
The killer bee stings you but does no damage.
The killer bee closely misses you.
The killer bee stings you but does no damage.
You shoot a sling bullet. The sling bullet hits the killer bee!
You kill the killer bee!
The killer bee stings you but does no damage.
The killer bee stings you.
The wight hits you from afar with a +4 spear.
The wight completely misses you. The killer bee stings you!
The killer bee stings you but does no damage.
You shoot a sling bullet. The sling bullet hits the killer bee!
The killer bee is severely wounded.
The killer bee stings you. The killer bee closely misses you.
The wight completely misses you. The wight hits you but does no damage.
The killer bee barely misses you. The killer bee stings you.
You shoot a sling bullet. The sling bullet misses the killer bee.
The killer bee stings you but does no damage.
The killer bee stings you.
The wight hits you from afar with a +4 spear!
You die...

...............#.
................. .#
#.#.........# ... ...#
#.#.........#....
.......##....#........#
.............###..%...#
....##....#...#zzz..zz#
..........#...y)##.......
.......#......@%#.###.z..
......#........y..#


zz. ......).....)..#(..... .. #....#).##.....#...... . ###.##.####...##......
#.....(##%..........# #..###..<...........# #.......###........... #.....#.##
##....... You could see 2 killer bees and 3 wights.

Vanquished Creatures
  Pikel (D:7)
  A steam dragon (D:6)
  An acid dragon (D:6)
  2 water moccasins
  An orc warrior (D:7)
  A sky beast (D:6)
  2 black bears
  An ice beast (D:6)
  An ogre (D:4)
  A lemure (D:7)
  A phantom (D:6)
  A bullfrog (D:7)
  3 scorpions
  3 killer bees (D:7)
  2 howler monkeys (D:6)
  A jelly (D:6)
  An orc priest (D:5)
  2 gnoll boudas (D:6)
  A sleepcap (D:6)
  An iguana (D:4)
  Jessica (D:2)
  An orc wizard (D:6)
  Ijyb (D:3)
  8 gnolls (D:6)
  8 adders
  7 river rats
  A shadow imp (D:7)
  2 ufetubi
  5 worms
  2 dart slugs
  23 orcs
  12 bats
  5 endoplasms
  7 giant cockroaches
  10 goblins
  8 hobgoblins
  4 jackals (Sewer)
  2 quokkas
  5 ball pythons
  3 frilled lizards
  4 kobolds
  10 rats
157 creatures vanquished.

Notes
Turn   | Place    | Note
-------+----------+-------------------------------------------
     0 | D:1      | qw the Gargoyle Hexslinger began the quest for the Orb.
     0 | D:1      | Reached XP level 1. HP: 12/12 MP: 2/2
     0 | D:1      | 0 ||| qw: Version: 0.3-a-40-ge99b1a8
     0 | D:1      | 0 ||| qw: Game counter: 102
     0 | D:1      | 0 ||| qw: Melee chars always use a shield: true
     0 | D:1      | 0 ||| qw: God list: Okawaru
     0 | D:1      | 0 ||| qw: Allow faded altars: false
     0 | D:1      | 0 ||| qw: Do Orc after clearing Dungeon:15 true
     0 | D:1      | 0 ||| qw: Do second Lair branch before Depths: true
     0 | D:1      | 0 ||| qw: Lair rune preference: random
     0 | D:1      | 0 ||| qw: Goals: Normal
     0 | D:1      | 0 ||| PLANNING D:1-11
   192 | D:1      | Reached XP level 2. HP: 16/16 MP: 3/3
   292 | D:1      | Reached skill level 3 in Ranged Weapons
   828 | D:1      | 828 ||| UPGRADING to amulet of regeneration.
   833 | D:1      | 833 ||| READING 3 scrolls labelled QAACRI PAYBAY.
   834 | D:1      | 834 ||| READING 2 scrolls of enchant weapon.
   834 | D:1      | 834 ||| ENCHANTING +2 sling.
   835 | D:1      | 835 ||| READING scroll of enchant weapon.
   835 | D:1      | 835 ||| ENCHANTING +3 sling.
   836 | D:1      | 836 ||| READING scroll labelled XAEKEGI ZOTU.
   837 | D:1      | 837 ||| READING scroll labelled VATHRAF ZOCHO.
   838 | D:1      | 838 ||| READING scroll labelled SOLOFR NUG XYT.
   839 | D:1      | 839 ||| DRINKING 3 lumpy white potions.
   840 | D:1      | 840 ||| DROPPING scroll of poison.
   912 | D:2      | Reached XP level 3. HP: 21/21 MP: 4/4
   966 | D:2      | Noticed Jessica
   970 | D:2      | Killed Jessica
   971 | D:2      | Reached XP level 4. HP: 26/26 MP: 5/5
  1045 | D:2      | Reached skill level 4 in Ranged Weapons
  1130 | D:2      | Found a faded altar of an unknown god.
  1533 | D:2      | 1533 ||| UPGRADING to +0 ring mail.
  1543 | D:2      | 1543 ||| DROPPING +0 robe.
  1544 | D:2      | 1544 ||| READING scroll labelled JOQECWOEKK.
  1548 | D:2      | 1548 ||| DRINKING 2 puce potions.
  1553 | D:2      | 1553 ||| STAIRDANCE
  1655 | D:1      | 1655 ||| DRINKING 2 white potions.
  1656 | D:1      | 1656 ||| READING 2 scrolls of identify.
  1656 | D:1      | 1656 ||| IDENTIFYING yellow potion
  1657 | D:1      | 1657 ||| DROPPING potion of berserk rage.
  1693 | D:3      | Noticed Ijyb
  1702 | D:3      | Killed Ijyb
  1703 | D:3      | Reached skill level 1 in Armour
  1833 | D:3      | Reached XP level 5. HP: 28/30 MP: 6/6
  1966 | D:3      | Found a broken altar of Ashenzari.
  2177 | D:3      | Found a glowing silver altar of Zin.
  2408 | D:3      | 2408 ||| READING scroll labelled YVIGA SUTASU.
  2509 | D:3      | 2509 ||| READING scroll labelled UHIVYAK BENA.
  2510 | D:3      | 2510 ||| READING scroll labelled MAFREI DANYNOT.
  2511 | D:3      | 2511 ||| DRINKING 3 fuming coppery potions.
  2512 | D:3      | 2512 ||| READING 3 scrolls of identify.
  2512 | D:3      | 2512 ||| IDENTIFYING orange potion
  2513 | D:3      | 2513 ||| READING 2 scrolls of identify.
  2513 | D:3      | 2513 ||| IDENTIFYING viscous inky potion
  2514 | D:3      | 2514 ||| DROPPING potion of invisibility.
  2515 | D:3      | 2515 ||| DROPPING potion of magic.
  2629 | D:4      | Noticed an ogre
  2631 | D:4      | HP: 6/30 [ogre/+0 giant club (24)]
  2632 | D:4      | 2632 ||| DRINKING potion of heal wounds.
  2637 | D:4      | HP: 5/30 [ogre/+0 giant club (9)]
  2638 | D:4      | Killed an ogre
  2639 | D:4      | Reached skill level 5 in Ranged Weapons
  2686 | D:4      | Reached skill level 3 in Fighting
  2686 | D:4      | Reached XP level 6. HP: 36/37 MP: 7/7
  2758 | D:4      | Noticed a water moccasin
  2777 | D:4      | Killed a water moccasin
  2778 | D:4      | Reached skill level 6 in Ranged Weapons
  2868 | D:4      | Noticed a black bear
  2880 | D:4      | Killed a black bear
  2881 | D:4      | Reached XP level 7. HP: 32/43 MP: 8/8
  3219 | D:4      | 3219 ||| UPGRADING to ring of positive energy.
  3220 | D:4      | 3220 ||| DROPPING ring of wizardry.
  3221 | D:4      | 3221 ||| READING scroll labelled TAIHOW OTEPEHEVO.
  3222 | D:4      | 3222 ||| READING 2 scrolls of identify.
  3222 | D:4      | 3222 ||| IDENTIFYING grey potion
  3240 | D:5      | Entered Level 5 of the Dungeon
  3241 | D:5      | 3241 ||| PLANNING SEWER
  3588 | D:5      | Found a staircase to the Ecumenical Temple.
  3623 | D:5      | Reached skill level 7 in Ranged Weapons
  3632 | D:5      | Found a glowing drain.
  3636 | D:5      | 3636 ||| UPGRADING to ring of protection from cold.
  3637 | D:5      | 3637 ||| READING scroll labelled WITEPT QAWAO.
  3668 | Sewer    | Entered a sewer
  3814 | Sewer    | 3814 ||| Stepping ~*~*~tactically~*~*~ (water).
  3984 | Sewer    | 3984 ||| Stepping ~*~*~tactically~*~*~ (water).
  4197 | Sewer    | 4197 ||| UPGRADING to +0 cloak.
  4202 | Sewer    | 4202 ||| READING scroll labelled VOENGOEFFY.
  4225 | D:5      | 4225 ||| PLANNING TEMPLE
  4250 | Temple   | Entered the Ecumenical Temple
  4283 | Temple   | 4283 ||| PLANNING D:1-11
  4463 | D:5      | 4463 ||| READING 4 scrolls of identify.
  4463 | D:5      | 4463 ||| IDENTIFYING fizzy blue potion
  4464 | D:5      | 4464 ||| DROPPING potion of lignification.
  4562 | D:6      | Reached skill level 8 in Ranged Weapons
  4562 | D:6      | Reached XP level 8. HP: 45/48 MP: 9/9
  4756 | D:6      | Reached skill level 9 in Ranged Weapons
  4844 | D:6      | 4844 ||| READING scroll of brand weapon.
  4844 | D:6      | 4844 ||| BRANDING +4 sling of flaming.
  4911 | D:6      | Reached skill level 6 in Fighting
  4911 | D:6      | Reached XP level 9. HP: 35/55 MP: 10/10
  5524 | D:6      | 5524 ||| UPGRADING to +0 pair of boots.
  5529 | D:6      | 5529 ||| UPGRADING to +4 ring of slaying {mikee}.
  5559 | D:7      | Reached skill level 10 in Ranged Weapons
  5590 | D:7      | Noticed Pikel
  5598 | D:7      | 5598 ||| Stepping ~*~*~tactically~*~*~ (outnumbered).
  5599 | D:7      | 5599 ||| Stepping ~*~*~tactically~*~*~ (outnumbered).
  5602 | D:7      | Reached skill level 3 in Armour
  5602 | D:7      | 5602 ||| Stepping ~*~*~tactically~*~*~ (outnumbered).
  5603 | D:7      | Killed Pikel
  5610 | D:7      | HP: 12/58 [killer bee (4)]
  5611 | D:7      | Slain by a wight

Levels and vault maps discovered:
D:1:      heliophobic_arrival_ceremonial_halls, layout_basic,
          serial_corexii_hall, corexii_hall_statues_l, corexii_hall_statues_s
D:2:      layout_basic, dreamdust_ecumenical_altar_sealed_demon,
          minmay_quantized, uniq_jessica
D:3:      layout_loops_ring, jmf_multi_god_temple, uniq_ijyb
D:4:      layout_loops_ring
D:5:      layout_basic, minmay_temple_entry_statues_fountains,
          portal_sewer_entry_a, kennysheep_nondescript, skrybe_limestone_x
D:6:      layout_basic
D:7:      layout_cave_pools, kennysheep_mini_moat,
          chequers_serial_rivers_room_a, uniq_pikel
Temple:   hellmonk_temple_of_storms

Skill      XL: |  1  2  3  4  5  6  7  8  9 |
---------------+----------------------------+-----
Ranged Weapons | 3 4 5 6 8 9 10 | 10.2
Fighting       | 2 3 4 6 7 |  7.7
Armour         | 1 2 3 |  3.1
Dodging        | 2 |  2.0
Spellcasting   | |  1.0
Hexes          | |  2.6

Action                     |  1- 3 |  4- 6 |  7- 9 || total
---------------------------+-------+-------+-------++-------
   Fire: Sling             |    70 |   159 |   351 ||   580
    Use: Scroll            |     6 |     7 |     6 ||    19
         Potion            |     1 |     4 |       ||     5
 Armour: Robe              |     9 |       |       ||     9
         Ring mail         |       |    48 |   175 ||   223
  Dodge: Dodged            |    17 |    56 |   190 ||   263

Table legend:
 A = Non-vault XP
 B = Vault XP
 C = Vault XP percentage of total XP
 D = Non-vault monster count
 E = Vault monster count
 F = Vault count percentage of total count
                 A         B        C        D         E       F
            +---------+---------+-------+---------+---------+-------
      Total |    2754 |     890 |  24.4 |     110 |      46 |  29.5
            +---------+---------+-------+---------+---------+-------
        D:1 |      32 |       0 |   0.0 |      21 |       0 |   0.0
        D:2 |      27 |      54 |  66.7 |      12 |       5 |  29.4
        D:3 |      26 |      39 |  60.0 |       9 |       3 |  25.0
        D:4 |     575 |       0 |   0.0 |      20 |       0 |   0.0
        D:5 |     149 |      41 |  21.6 |       8 |       8 |  50.0
        D:6 |    1511 |       0 |   0.0 |      30 |       0 |   0.0
        D:7 |     434 |     593 |  57.7 |      10 |       1 |   9.1
      Sewer |       0 |     163 | 100.0 |       0 |      29 | 100.0
            +---------+---------+-------+---------+---------+-------
